 Dungeon Crawl Stone Soup version 0.21.1-1-g345015f (console) character file.

18 Pereza0 the Magician (level 2, 19/19 HPs)
             Began as a Mummy Fire Elementalist on Feb 23, 2018.
             Quit the game on level 1 of the Dungeon.
             The game lasted 00:02:56 (1423 turns).

Pereza0 the Magician (Mummy Fire Elementalist)      Turns: 1423, Time: 00:02:56

Health: 19/19      AC:  3    Str: 11    XL:     2   Next: 48%
Magic:  2/6        EV: 12    Int: 14    God:
Gold:   60         SH:  0    Dex: 12    Spells: 4/7 levels left

rFire    x . .     SeeInvis .   c - -1 hunting sling (curse)
rCold    + . .     Gourm    .   (no shield)
rNeg     + + +     Faith    .   a - +0 robe
rPois    ∞         Spirit   .   g - +0 helmet
rElec    .         Reflect  .   (no cloak)
rCorr    .         Harm     .   (no gloves)
MR       .....     Rnd*Tele +   (no boots)
Stlth    ++........             (no amulet)
HPRegen  0.06/turn              i - ring of teleportation (curse)
MPRegen  0.10/turn              (no ring)

@: no status effects
A: no food or potions, fire vulnerability, cold resistance 1, negative energy
resistance 3, torment resistance, unbreathing
a: no special abilities


You were on level 1 of the Dungeon.
You were not hungry.

You visited 1 branch of the dungeon, and saw 1 of its levels.

You collected 60 gold pieces.

Inventory:

Hand Weapons
 c - a cursed -1 hunting sling (weapon)
 e - a +0 club
Armour
 a - a +0 robe (worn)
 g - a +0 helmet (worn)
Jewellery
 i - a cursed ring of teleportation (left hand)
Scrolls
 d - 2 scrolls of teleportation
Books
 b - a book of Flames

   Spells                             Type                      Level
   a - Flame Tongue                   Conjuration/Fire             1
   b - Throw Flame                    Conjuration/Fire             2
   c - Conjure Flame                  Conjuration/Fire             3
   d - Inner Flame                    Hexes/Fire                   3
   e - Sticky Flame                   Conjuration/Fire             4
   f - Fireball                       Conjuration/Fire             5


   Skills:
 - Level 1.7 Dodging
 - Level 1.6 Stealth
 - Level 3.0 Spellcasting
 + Level 1.5 Conjurations
 - Level 2.5 Fire Magic


You had 4 spell levels left.
You knew the following spells:

 Your Spells              Type           Power        Failure   Level  Hunger
a - Flame Tongue          Conj/Fire      #....        10%         1    N/A
b - Throw Flame           Conj/Fire      #.....       14%         2    N/A

Dungeon Overview and Level Annotations

Branches:
Dungeon (1/15)

Altars:


Innate Abilities, Weirdness & Mutations

You do not eat or drink.
Your flesh is vulnerable to fire.
You are immune to poison.
Your flesh is cold resistant. (rC+)
You are immune to negative energy. (rN+++)
You are immune to unholy pain and torment.
You can survive without breathing.


Message History

You hit the bat.
You kill the bat!
No target in view!
No target in view!
No target in view!
No target in view!
No target in view!
No target in view!
No target in view!
No target in view!
No target in view!
No target in view!
No target in view!
Search for what [Enter for "glowing", or ? for help]?
You see here a glowing hunting sling.
c - a glowing hunting sling Wield which item (- for none, * to show all)? (? for menu, Esc to quit)
It sticks to your hand!
c - a cursed -1 hunting sling (weapon)
Are you sure you want to abandon this character and quit the game? (Confirm with "yes".)

*,*,*,***,**
**,**,,,,,,,,,******
*,*,,,,,,,,* *,,********,**
*,*,,,,,,!.#***,,****** *,*
*,*,,,,,,.).**,*,,,,,,***,*
*,,,,,,,,,..,,*******,,,,,* *
*,**,,,,,,..,** ******* *
*,,,,,*,###.** *
***,**,,*,....* ######### *
,,,,***##.#.#†###@......# *
***** *......(((#######.# * *
*,***.#.#.#.#.#### #.# *
***,,,,,,,#.#......# #.# *
,,,,#.#.###.###.#.## #.# *
,***#......<......#####.######
* ,*
*#.#.###.###.#.#..........# *
,* *,,,...#.#........#######)#
.# ***#.#.#.#.#.###.#.## #.#


There were no monsters in sight!

Vanquished Creatures
  4 goblins (D:1)
  4 hobgoblins (D:1)
  3 kobolds (D:1)
  3 bats (D:1)
  A frilled lizard (D:1)
15 creatures vanquished.

Notes
Turn   | Place    | Note
-------+----------+-------------------------------------------
     0 | D:1      | Pereza0 the Mummy Fire Elementalist began the quest for the Orb.
     0 | D:1      | Reached XP level 1. HP: 13/13 MP: 4/4
    33 | D:1      | Reached skill level 1 in Conjurations
   415 | D:1      | Reached skill level 3 in Spellcasting
   415 | D:1      | Reached XP level 2. HP: 18/19 MP: 1/6
   419 | D:1      | Learned a level 2 spell: Throw Flame
  1423 | D:1      | Quit the game

Skill      XL: |  1 |
---------------+----+-----
Conjurations   | 1 |  1.5
Spellcasting   | 3 |  3.0
Dodging        | |  1.7
Stealth        | |  1.6
Fire Magic     | |  2.5

Action                   || total
-------------------------++-------
Melee: Club              ||    18
       Unarmed           ||     2
 Cast: Flame Tongue      ||    19
       Throw Flame       ||     3
  Use: Scroll            ||     4
Armor: Robe              ||    19
Dodge: Dodged            ||    33
